 Dungeon Crawl Stone Soup version 0.26-a0-946-g9485abf61d (webtiles) character file.

Game seed: 8244057415834095545

4795 PentaManta the Martial Artist (level 10, -2/53 HPs)
             Began as a Vine Stalker Monk on Nov 28, 2020.
             Was an Elder of Dithmenos.
             Slain by a vampire (7 damage)
             ... on level 9 of the Dungeon.
             The game lasted 00:20:00 (8178 turns).

PentaManta the Martial Artist (Vine Stalker Monk)   Turns: 8178, Time: 00:20:00

Health: -2/53      AC: 17    Str: 17    XL:     10   Next: 48%
Magic:  0/11       EV: 12    Int: 10    God:    Dithmenos [****..]
Gold:   508        SH:  9    Dex: 17    Spells: 9/9 levels left

rFire    + . .     SeeInvis .     - Unarmed
rCold    . . .     Faith    .   K - +0 kite shield
rNeg     . . .     Spirit   +   L - +2 ring mail {rF+}
rPois    .         Reflect  .   v - +0 helmet
rElec    .         Harm     .   s - +0 cloak
rCorr    .         Rampage  .   x - +2 pair of gloves
MR       ++...                  u - +2 pair of boots
Stlth    ++........             p - amulet of regeneration
HPRegen  0.97/turn              i - ring of protection from magic
MPRegen  0.12/turn              (no ring)

@: about to teleport, wreathed by umbra
A: fangs 3, regeneration 1, magic shield, antimagic bite, no potion heal 3, rot
immunity
a: Shadow Step, Renounce Religion


You were on level 9 of the Dungeon.
You worshipped Dithmenos.
Dithmenos was greatly pleased with you.
You visited 2 branches of the dungeon, and saw 10 of its levels.

You collected 508 gold pieces.

Inventory:

Hand Weapons
 f - a +1 short sword of speed
 N - a +1 dagger of pain
Missiles
 n - 13 poisoned darts (quivered)
 o - 4 datura-tipped darts
Armour
 q - a +2 leather armour of cold resistance
 r - a +0 chain mail
 s - a +0 cloak (worn)
 u - a +2 pair of boots (worn)
 v - a +0 helmet (worn)
 x - a +2 pair of gloves (worn)
 G - +0 steam dragon scales
 H - a +0 scale mail
 K - a +0 kite shield (worn)
 L - a +2 ring mail of fire resistance (worn)
 M - a +0 plate armour
Jewellery
 i - a ring of protection from magic (left hand)
 p - an amulet of regeneration (around neck)
 z - the amulet of Altruism {Reflect rC+++ rN+++ Str-3 Int-4 SH+5}
   (You took it off a wight on level 8 of the Dungeon)

   [amulet of reflection]

   It shields you and reflects attacks.
   It affects your strength (-3).
   It affects your intelligence (-4).
   It renders you almost immune to cold.
   It renders you almost immune to negative energy.
   It affects your SH (+5).
Wands
 d - a wand of random effects (25)
 g - a wand of disintegration (11)
 m - a wand of polymorph (11)
 A - a wand of acid (13)
 C - a wand of enslavement (11)
Scrolls
 b - 3 scrolls of magic mapping
 e - 2 scrolls of fog
 j - 2 scrolls of teleportation
 l - a scroll of fear
 w - a scroll of enchant weapon
 y - a scroll of remove curse
 I - 2 scrolls of enchant armour
Potions
 a - 5 potions of lignification
 c - 4 potions of curing
 h - a potion of haste
 k - 4 potions of invisibility
 t - a potion of brilliance {unknown}
 B - 2 potions of flight


   Skills:
 + Level 5.9 Fighting
 - Level 5.0 Armour
 + Level 5.8 Dodging
 - Level 2.4 Stealth
 * Level 2.0 Shields
 * Level 10.8 Unarmed Combat


You had 9 spell levels left.
You didn't know any spells.
Your spell library contained the following spells:

 Spells                   Type           Power        Failure   Level
 Animate Skeleton         Necr           #.....       98%         1
 Magic Dart               Conj           #...         98%         1
 Pain                     Necr           #...         98%         1
 Summon Small Mammal      Summ           #...         98%         1
 Blink                    Tloc           N/A          99%         2
 Call Imp                 Summ           #.......     99%         2
 Slow                     Hex            #.......     99%         2
 Call Canine Familiar     Summ           #.......     100%        3
 Conjure Flame            Conj/Fire      #.......     100%        3
 Mephitic Cloud           Conj/Pois/Air  #.......     100%        3
 Summon Guardian Golem    Hex/Summ       #.......     100%        3
 Vampiric Draining        Necr           #.........   100%        3
 Animate Dead             Necr           #.........   100%        4
 Summon Ice Beast         Ice/Summ       #.......     100%        4
 Summon Lightning Spire   Summ/Air       #.......     100%        4
 Agony                    Necr           #.......     100%        5


Dungeon Overview and Level Annotations

Branches:
Dungeon (9/15)             Temple (1/1) D:5
   Lair: D:8-11         Orc: D:9-12

Altars:
Ashenzari
Cheibriados
Dithmenos
Elyvilon
Fedhas
Gozag
Hepliaklqana
Kikubaaqudgha
Makhleb
Nemelex Xobeh
Okawaru
Qazlal
Ru
Sif Muna
Trog
Uskayaw
Vehumet
Wu Jian
Xom
Yredelemnul
Zin
The Shining One

Annotations:
D:7 exclusion: boulder beetle


Innate Abilities, Weirdness & Mutations

You have razor-sharp teeth.
Your natural rate of healing is unusually fast.
When hurt, damage is shared between your health and your magic reserves.
Your bite disrupts and absorbs the magic of your enemies.
Potions cannot restore your health.
You are immune to rotting.


Message History

You miss something. You hit something. You bite something.
Something hits you but does no damage. Something bites you!
Something draws strength from your injuries!
Something hits you.
* * * LOW HITPOINT WARNING * * *
Something bites you.
* * * LOW HITPOINT WARNING * * *
Something draws strength from your injuries!
You miss something. You bite something. You miss something.
Your bite misses something. Something hits you.
Something bites you but does no damage.
You hit something. Your bite misses something. Your shadow hits something.
Something hits you!
* * * LOW HITPOINT WARNING * * *
Something bites you but does no damage.
As you read the scroll of teleportation, it crumbles to dust.
You feel strangely unstable. Something hits you but does no damage.
Something bites you!
You die...

############### #########
............... .........
##............# #........
#............# #........
#............# #........
##............# #........
..............####........
.....)))........@{Y.......
######......##############
#......# #......# #......#
#......# #......# #......#
#......#


You could see a yak.

Vanquished Creatures
  Maggie (D:7)
  2 yaks (D:9)
  Eustachio (D:5)
  Duvessa (D:7)
  An orc warrior (D:8)
  4 sky beasts
  An eye of draining (D:8)
  3 ice beasts
  5 ogres
  5 centaurs
  9 bullfrogs
  A gnoll sergeant (D:8)
  Dowan (D:7)
  3 scorpions
  5 wights
  A bullfrog zombie (D:7)
  3 hounds
  A quasit (D:6)
  2 jellies
  6 orc priests
  6 orc wizards
  3 bullfrog skeletons
  2 centaur skeletons
  2 iguanas
  Jessica (D:3)
  6 worker ants
  4 gnolls (D:7)
  11 adders
  A shadow imp (D:6)
  4 white imps
  3 oozes
  An ufetubus (D:7)
  2 adder zombies
  An adder skeleton (D:4)
  2 worms
  7 leopard geckos
  29 orcs
  A ball python (D:5)
  8 bats
  5 giant cockroaches
  5 goblins
  11 hobgoblins
  9 jackals
  2 quokkas
  A ball python skeleton (D:5)
  10 frilled lizards
  8 kobolds
  2 quokka skeletons (D:4)
  9 rats
212 creatures vanquished.

Vanquished Creatures (others)
  2 plants (D:1)
2 creatures vanquished.

Grand Total: 214 creatures vanquished

Notes
Turn   | Place    | Note
-------+----------+-------------------------------------------
     0 | D:1      | PentaManta the Vine Stalker Monk began the quest for the
                  | Orb.
     0 | D:1      | Reached XP level 1. HP: 11/11 MP: 2/2
   668 | D:1      | Reached XP level 2. HP: 11/16 MP: 1/3
  1282 | D:1      | Reached skill level 4 in Unarmed Combat
  1589 | D:2      | Reached XP level 3. HP: 14/19 MP: 4/4
  1819 | D:2      | Found an opulent altar of Gozag.
  2208 | D:2      | Gained mutation: Your natural rate of healing is unusually
                  | fast. [Vine Stalker growth]
  2208 | D:2      | Reached XP level 4. HP: 17/23 MP: 5/5
  2477 | D:2      | Reached skill level 5 in Unarmed Combat
  2574 | D:2      | Found a faded altar of an unknown god.
  2926 | D:3      | Reached XP level 5. HP: 27/27 MP: 6/6
  3319 | D:3      | Noticed Jessica
  3355 | D:3      | Killed Jessica
  3356 | D:3      | Reached skill level 6 in Unarmed Combat
  3367 | D:3      | Found a shimmering blue altar of Sif Muna.
  3888 | D:4      | Reached XP level 6. HP: 29/32 MP: 4/7
  4025 | D:4      | You fall into a shaft and drop 1 floor!
  4025 | D:5      | Entered Level 5 of the Dungeon
  4035 | D:5      | Reached skill level 1 in Armour
  4040 | D:5      | Noticed Eustachio
  4041 | D:5      | Noticed an ice beast
  4158 | D:4      | Reached skill level 7 in Unarmed Combat
  4158 | D:4      | Reached XP level 7. HP: 33/35 MP: 8/8
  4607 | D:5      | Found a staircase to the Ecumenical Temple.
  4628 | Temple   | Entered the Ecumenical Temple
  4720 | Temple   | Became a worshipper of Dithmenos the Shadowed
  4720 | Temple   | Reached * piety under Dithmenos
  4720 | Temple   | Reached ** piety under Dithmenos
  4812 | D:5      | Killed Eustachio
  4813 | D:5      | Gained mutation: You have razor-sharp teeth. [Vine Stalker
                  | growth]
  4813 | D:5      | Reached XP level 8. HP: 40/40 MP: 9/9
  4964 | D:5      | Reached skill level 8 in Unarmed Combat
  5618 | D:6      | Reached XP level 9. HP: 45/45 MP: 10/10
  5661 | D:6      | Reached skill level 9 in Unarmed Combat
  6137 | D:6      | Reached *** piety under Dithmenos
  6346 | D:7      | Noticed Duvessa
  6358 | D:7      | Killed Duvessa
  6372 | D:7      | Noticed Dowan
  6396 | D:7      | Killed Dowan
  6397 | D:7      | Reached skill level 5 in Dodging
  6448 | D:7      | Reached skill level 5 in Fighting
  6737 | D:7      | Noticed Maggie
  6758 | D:7      | Killed Maggie
  6759 | D:7      | Reached skill level 10 in Unarmed Combat
  7038 | D:8      | Reached XP level 10. HP: 51/51 MP: 11/11
  7061 | D:8      | Reached **** piety under Dithmenos
  7063 | D:8      | Noticed a boulder beetle
  7498 | D:8      | HP: 1/53 [boulder beetle (23)]
  7712 | D:8      | Identified the amulet of Altruism {Reflect rC+++ rN+++
                  | Str-3 Int-4 SH+5}
  7776 | D:8      | Reached skill level 5 in Armour
  7814 | D:8      | Reached skill level 1 in Shields
  8178 | D:9      | Slain by a vampire

Illustrated notes

Levels and vault maps discovered:
D:1:      saegor_arrival_simple_c, layout_loops_ring, serial_forest,
          infiniplex_forest_lined_2, infiniplex_forest_clump_tiny,
          infiniplex_forest_split, infiniplex_forest_lined_room_3,
          infiniplex_forest_clump_double, infiniplex_forest_lined_2,
          infiniplex_forest_clump_medium, infiniplex_forest_zigzag_2,
          infiniplex_forest_clump_tiny, hangedman_decor_clover_reticule
D:2:      layout_basic, chequers_ecumenical_altar_simple_redux,
          nicolae_gozag_cash_rules_everything_around_me
D:3:      layout_loops_corners, tgw_sif, doesnt_xom_only_xom
D:4:      layout_cave_pods
D:5:      layout_rooms, minmay_temple_entry_waves, uniq_eustachio
D:6:      layout_basic
D:7:      layout_loops_cross, uniq_duvessa, uniq_maggie
D:8:      layout_rooms, minmay_pinched_square
D:9:      layout_stronghold, bh_walls_and_bars
Temple:   dpeg_three_leaves_temple

Skill      XL: |  1  2  3  4  5  6  7  8  9 10 |
---------------+-------------------------------+-----
Unarmed Combat | 4 5 6 7 8 10 | 10.8
Armour         | 1 2 3 4 5 |  5.0
Dodging        | 3 4 5 |  5.8
Fighting       | 3 4 5 |  5.9
Shields        | 2 |  2.0
Stealth        | |  2.4

Action                   |  1- 3 |  4- 6 |  7- 9 | 10-12 || total
-------------------------+-------+-------+-------+-------++-------
Melee: Unarmed           |   157 |   140 |   350 |   164 ||   811
       Bite              |    31 |    34 |   124 |    56 ||   245
       Punch             |     3 |     5 |    21 |     6 ||    35
  Use: Scroll            |       |    14 |     4 |     7 ||    25
       Potion            |       |       |       |     1 ||     1
 Stab: Sleeping          |     3 |     5 |     4 |     1 ||    13
       Distracted        |       |       |       |     1 ||     1
Armor: Leather armour    |    27 |       |       |       ||    27
       Robe              |     5 |       |       |       ||     5
       Ring mail         |    17 |    42 |   107 |    48 ||   214
       Steam dragon scal |       |       |    13 |    20 ||    33
Dodge: Dodged            |   102 |    64 |   234 |   118 ||   518
Block: Kite shield       |       |       |       |     3 ||     3

Table legend: (Time is in decaauts)
 A = Elapsed time spent in this place.
 B = Non-inter-level travel time spent in this place.
 C = Inter-level travel time spent in this place.
 D = Time resting spent in this place.
 E = Time spent auto-exploring this place.
 F = Levels seen in this place.
 G = Mean time per level.
                   A        B        C        D        E       F      G
               +--------+--------+--------+--------+--------+-----+--------+
         Total |   8047 |   7567 |    480 |    601 |   5066 |  10 |  804.7 |
       Dungeon |   7898 |   7456 |    442 |    567 |   5001 |   9 |  877.6 |
        Temple |    148 |    110 |     38 |     34 |     65 |   1 |  148.0 |
               +--------+--------+--------+--------+--------+-----+--------+

Top non-repeatable levels by time:
     D:1: 1666 daAuts
     D:2: 1123 daAuts
     D:6: 1066 daAuts
     D:3: 955 daAuts
     D:7: 894 daAuts
     D:4: 818 daAuts
     D:8: 748 daAuts
     D:5: 494 daAuts
  Temple: 148 daAuts
     D:9: 130 daAuts
